 Dungeon Crawl Stone Soup version 0.21.1-1-g345015f (webtiles) character file.

11 tidbits the Charmwright (level 2, 6/26 HPs)
             Began as a Gnoll Skald on June 22, 2018.
             Quit the game on level 2 of the Dungeon.
             The game lasted 00:01:05 (98 turns).

tidbits the Charmwright (Gnoll Skald)                 Turns: 98, Time: 00:01:06

Health: 6/26       AC:  4    Str: 13    XL:     2   Next: 29%
Magic:  6/7        EV: 14    Int: 15    God:
Gold:   8          SH:  0    Dex: 14    Spells: 9/10 levels left

rFire    . . .     SeeInvis .   a - +0 hand axe
rCold    . . .     Gourm    .   (no shield)
rNeg     . . .     Faith    .   b - +0 leather armour
rPois    .         Spirit   .   E - +0 helmet
rElec    .         Reflect  .   (no cloak)
rCorr    .         Harm     .   (no gloves)
MR       .....                  (no boots)
Stlth    +.........             (no amulet)
HPRegen  0.08/turn              (no ring)
MPRegen  0.10/turn              (no ring)

@: no status effects
A: distributed training, fangs 1, strong nose
a: no special abilities


You were on level 2 of the Dungeon.
You were not hungry.

You visited 1 branch of the dungeon, and saw 2 of its levels.

You collected 8 gold pieces.

Inventory:

Hand Weapons
 a - a +0 hand axe (weapon)
Armour
 b - a +0 leather armour (worn)
 E - a +0 helmet (worn)
Books
 c - a book of Battle

   Spells                             Type                      Level
   a - Infusion                       Charms                       1
   b - Shroud of Golubria             Charms/Translocation         2
   c - Song of Slaying                Charms                       2
   d - Spectral Weapon                Hexes/Charms                 3
   e - Regeneration                   Charms/Necromancy            3
Comestibles
 d - a ration


   Skills:
 + Level 4.4 Fighting
 + Level 0.3 Short Blades
 + Level 0.3 Long Blades
 + Level 4.4 Axes
 + Level 0.3 Maces & Flails
 + Level 0.3 Polearms
 + Level 0.3 Staves
 + Level 0.3 Slings
 + Level 0.3 Bows
 + Level 0.3 Crossbows
 + Level 0.3 Throwing
 + Level 2.4 Armour
 + Level 4.4 Dodging
 + Level 0.3 Stealth
 + Level 0.3 Shields
 + Level 0.3 Unarmed Combat
 + Level 4.9 Spellcasting
 + Level 0.2 Conjurations
 + Level 0.2 Hexes
 + Level 5.3 Charms
 + Level 0.2 Summonings
 + Level 0.2 Necromancy
 + Level 0.2 Translocations
 + Level 0.2 Transmutations
 + Level 0.2 Fire Magic
 + Level 0.2 Ice Magic
 + Level 0.2 Air Magic
 + Level 0.2 Earth Magic
 + Level 0.2 Poison Magic
 + Level 0.4 Invocations
 + Level 0.3 Evocations


You had 9 spell levels left.
You knew the following spells:

 Your Spells              Type           Power        Failure   Level  Hunger
i - Infusion              Chrm           ###.         2%          1    None


Dungeon Overview and Level Annotations

Branches:
Dungeon (2/15)

Altars:


Innate Abilities, Weirdness & Mutations

Your experience applies equally to all skills.
You have very sharp teeth.
Your uncanny sense of smell can sniff out nearby items.


Message History

You kill the kobold!
You hit the hobgoblin. The bat barely misses you.
The hobgoblin closely misses you.
The dart slug bites you but does no damage.
The teleport trap disappears.
The dart slug disappears!
You hit the dart slug.
You kill the dart slug!
You hit the hobgoblin.
You kill the hobgoblin!
The bat hits you.
You completely miss the bat. You hit the frilled lizard.
You kill the frilled lizard!
You have reached level 2!
The bat barely misses you. The bat barely misses you.
There is a stone staircase leading down here.
Things that are here:
a club; a hobgoblin corpse You barely miss the bat.
The bat misses you.
A dart slug comes into view.
The bat barely misses you. The bat completely misses you.
The bat closely misses you.
You see here a helmet.
e - a helmet The bat closely misses you.
The bat closely misses you.
You closely miss the bat. The bat hits you but does no damage.
You barely miss the bat. Your bite misses the bat. The bat closely misses you.
You hit the bat.
You kill the bat!
Your magical infusion is running out.
Found 8 gold pieces.
A hobgoblin comes into view. It is wielding a club.
Found 11 gold pieces.
The hobgoblin shouts!
You are no longer magically infusing your attacks.
The hobgoblin closely misses you.
You hit the hobgoblin. Your bite misses the hobgoblin.
The hobgoblin is almost dead.
The hobgoblin barely misses you.
You hit the hobgoblin.
You kill the hobgoblin!
A giant cockroach comes into view.
You see here a club.
The giant cockroach bites you but does no damage.
You barely miss the giant cockroach. The giant cockroach bites you.
Casting: Infusion
Confirm with . or Enter, or press ? or * to list all spells.
Okay, then.
You see here a club.
The dart slug launches a dart at you. The slug dart hits you!
The dart slug launches a dart at you. The slug dart misses you.
The slug dart hits the giant cockroach.
The giant cockroach dies!
You hit the dart slug.
The dart slug is moderately wounded.
The dart slug barely misses you.
You hit the dart slug.
You bite the dart slug, but do no damage.
The dart slug is heavily wounded.
The dart slug bites you but does no damage.
You hit the dart slug.
The dart slug is severely wounded.
The dart slug bites you.
You hit the dart slug.
You kill the dart slug!
You see here 8 gold pieces.
You now have 8 gold pieces.
You see here a bat corpse.
There is a stone staircase leading down here.
Things that are here:
a club; a hobgoblin corpse You climb downwards.
Found a robe.
There is a stone staircase leading up here.
Unknown command.
Unknown command.
Wear which item? (? for menu, Esc to quit)
You start putting on your armour.
You continue putting on your helmet. x4
You finish putting on your +0 helmet.
Adjust (i)tems, (s)pells, or (a)bilities?
Adjust which item? (? for menu, Esc to quit)
e - a +0 helmet (worn)
Adjust to which letter? (? for menu, Esc to quit)
E - a +0 helmet (worn)
Found a spear.
Found a robe.
You see here a robe.
A ball python comes into view.
An adder and a centaur come into view.
The centaur shouts!
The adder hisses angrily.
The centaur wields a shortbow.
The centaur shoots an arrow.
The arrow hits you!
* * * LOW HITPOINT WARNING * * *
Found a glowing leather armour.
You see here an arrow.
You aren't carrying any potions.
Unknown command.
Are you sure you want to abandon this character and quit the game? (Confirm with "yes".)

#. c.. #.#..#
#.#.. #....
#.#.# #.#.#
#.#.####..
#.@.....SS
#.#.######
#.#[# ∆ #.#.#
#.#.# #.#.. .
#.### #.#
#[#########....
#.............)


You could see a centaur, an adder and a ball python (wandering).

Vanquished Creatures
  2 dart slugs (D:1)
  2 hobgoblins (D:1)
  A bat (D:1)
  A frilled lizard (D:1)
  2 kobolds (D:1)
8 creatures vanquished.

Vanquished Creatures (others)
  A giant cockroach (D:1)
1 creature vanquished.

Grand Total: 9 creatures vanquished

Notes
Turn   | Place    | Note
-------+----------+-------------------------------------------
     0 | D:1      | tidbits the Gnoll Skald began the quest for the Orb.
     0 | D:1      | Reached XP level 1. HP: 20/20 MP: 6/6
    29 | D:1      | Reached XP level 2. HP: 19/26 MP: 0/7
    97 | D:2      | Noticed a centaur
    98 | D:2      | Quit the game

Action                   || total
-------------------------++-------
Melee: Hand axe          ||    16
       Bite              ||     1
 Cast: Infusion          ||     1
Armor: Leather armour    ||     7
Dodge: Dodged            ||    19

Table legend:
 A = Turns spent in this place as a percentage of turns spent in the entire game.
 B = Non-inter-level travel turns spent in this place as a percentage of non-inter-level travel turns spent in the entire game.
 C = Inter-level travel turns spent in this place as a percentage of turns spent in this place.
 D = Turns resting spent in this place as a percentage of non-inter-level travel turns spent in this place.
 E = Turns spent auto-exploring this place as a percentage of non-inter-level travel turns spent in this place.
 F = Non-inter-level travel turns spent in this place divided by the number of levels of this place that you've seen.
                   A       B       C       D       E      F
               +-------+-------+-------+-------+-------+----------------------
         Total | 100.0 | 100.0 |   0.0 |   0.0 |   0.0 |  49.0
       Dungeon | 100.0 | 100.0 |   0.0 |   0.0 |   0.0 |  49.0
               +-------+-------+-------+-------+-------+----------------------

Table legend:
 A = Kills in this place as a percentage of kills in entire the game.
 B = Kills by you in this place as a percentage of kills by you in the entire game.
 C = Kills by friends in this place as a percentage of kills by friends in the entire game.
 D = Other kills in this place as a percentage of other kills in the entire game.
 E = Experience gained in this place as a percentage of experience gained in the entire game.
 F = Experience gained in this place divided by the number of levels of this place that you have seen.
                   A       B       C       D       E      F
               +-------+-------+-------+-------+-------+----------------------
         Total | 100.0 | 100.0 |   N/A |   N/A | 100.0 |   8.5
       Dungeon | 100.0 | 100.0 |   N/A |   N/A | 100.0 |   8.5
               +-------+-------+-------+-------+-------+----------------------

Vault maps used:
D:1:      mrwooster_arrival_statue_3
D:2:      ashenzari_altar_1, minitemple, uniq_crazy_yiuf_cottage
